AoeStats
← J8S

Four Lakes

508866909Analyzed
1v1 RM · 7d ago on Sep 24, 2026· 41m 24s· 2 players
Game mode
Random Map
Map size
Tiny (2 player)
Population
200
Speed
Normal
Resources
Standard
Victory
Conquest
Starting age
Dark Age
Ending age
Imperial Age
RankedLock teamsTeams togetherTeam positionsShared explorationLock speedFull tech treeHidden civsTurbo modeCheats
Victory
Defeat
🇳🇱 Persians · Netherlands
1568
+12
🇹🇼 Persians · Taiwan
1484
-12
半點
2:51 Loom
10:07 Feudal Age
10:32 Double-Bit Axe
14:48 Wheelbarrow
17:55 Castle Age
16:49 Bloodlines
17:27 Scale Barding Armor
19:30 Medium Warships
19:34 Forging
21:44 Iron Casting
21:38 Horse Collar
22:24 Gold Mining
23:31 Bow Saw
25:51 Chain Barding Armor
27:21 Gold Shaft Mining
28:24 Stone Mining
31:43 Stone Shaft Mining
34:33 Imperial Age
35:33 Plate Barding Armor
35:59 Blast Furnace
35:21 Conscription
34:24 Cavalier
36:03 Hand Cart
37:37 Husbandry
38:32 Light Cavalry
39:20 Heavy Camel Rider
J8S
6:42 Loom
8:57 Feudal Age
9:19 Double-Bit Axe
16:44 Castle Age
15:59 Horse Collar
17:22 Medium Warships
18:30 Bow Saw
19:20 Scale Barding Armor
19:25 Forging
19:34 Gold Mining
22:15 Husbandry
23:20 Heavy Plow
23:44 Bloodlines
27:32 Chain Barding Armor
27:22 Town Watch
27:45 Fishing Lines
30:25 Wheelbarrow
31:42 Hand Cart
31:48 Town Patrol
33:04 Devotion
33:29 Stone Mining
38:54 Imperial Age
37:52 Stone Shaft Mining
37:53 Gold Shaft Mining
37:03 Pikeman
37:45 Scale Mail Armor
38:25 Iron Casting
38:18 Ballistics
38:09 Masonry
38:53 Fletching
39:51 Plate Barding Armor
38:40 Heavy Camel Rider
40:39 Two-Man Saw
40:38 Conscription
41:46 Blast Furnace
40:44 Fletching
40:55 Padded Archer Armor
40:37 Capped Ram
40:42 Capped Ram
Connection lost

Rejoining the realm…

Still unreachable

The connection could not be restored.

Session expired

The server has moved on; the page needs a fresh start.